Map: Goldenaura LE

Players

Subwayeatn

  • Race: Zerg Zerg
  • League: Gold
  • Spawn Location: 12:00

Luddite - Winner!

  • Race: Terran Terran
  • League: Platinum
  • Spawn Location: 5:00

VOD

Have the link to the VOD?

Description

Time

  • Played on: Oct. 15, 2023, 2:16 p.m.
  • Length: 21:42
Show
View Real Time Build Order
Export as new Build Order

Subwayeatn Zerg 

Build Orders: Hatch First, Lurkers, Swarm Host 

Get SALT Encoding   

  12  0:00  Drone  
  13  0:12  Overlord  
  13  0:18  Drone  
  14  0:36  Drone x2  
  16  0:50  Hatchery  
  15  0:58  Drone  
  15  0:59  Drone  
  15  1:01  Drone  
  18  1:05  Extractor  
  17  1:21  Spawning Pool  
  16  1:33  Drone x3  
  19  1:44  Overlord  
  19  2:10  Queen x2  
  23  2:17  Zergling x2  
  23  2:18  Zergling x6  
  27  2:23  Drone  
  27  2:26  Drone  
  30  2:30  Drone  
  30  3:01  Roach Warren  
  30  3:03  Drone x6  
  35  3:06  Lair  
  35  3:16  Overlord  
  35  3:31  Queen  
  35  3:32  Extractor  
  35  3:33  Extractor  
  35  3:35  Drone x6  
  41  3:42  Drone x3  
  44  3:50  Evolution Chamber  
  44  3:54  Drone x2, Evolution Chamber  
  44  4:07  Overlord  
  44  4:23  Overlord  
  44  4:27  Overlord  
  44  4:28  Glial Reconstitution  
  43  4:44  Drone  
  44  4:52  Zerg Missile Weapons Level 1, Zerg Ground Armor Level 1  
  44  4:59  Roach x3  
  64  5:00  Roach x8  
  66  5:12  Overlord  
  66  5:15  Overlord  
  66  5:42  Roach x4  
  78  5:43  Roach x2  
  77  5:50  Hatchery  
  56  6:19  Roach x4  
  56  6:20  Roach x2  
  56  6:24  Drone x6  
  72  6:42  Ravager  
  72  6:43  Ravager x8  
  81  6:50  Extractor  
  81  6:51  Overlord  
  81  6:52  Overlord x3  
  80  7:03  Drone x9  
  89  7:09  Queen  
  89  7:14  Hydralisk Den  
  90  7:17  Pneumatized Carapace  
  90  7:23  Overlord  
  90  7:32  Spore Crawler  
  90  7:35  Extractor  
  86  8:12  Hydralisk x11  
  88  8:17  Zergling x2  
  88  8:18  Zergling x8  
  88  8:36  Zerg Missile Weapons Level 2  
  82  8:43  Queen  
  82  8:45  Drone x2  
  86  8:51  Extractor  
  86  8:53  Hydralisk  
  86  8:54  Hydralisk x3  
  88  9:07  Muscular Augments  
  88  9:12  Drone x3  
  91  9:18  Drone  
  92  9:30  Lurker Den  
  91  9:39  Drone x2  
  91  9:40  Hydralisk  
  91  9:41  Hydralisk x5  
  91  9:44  Roach  
  107  9:51  Overseer  
  107  9:52  Overseer  
  107  10:03  Roach x4  
  107  10:04  Roach x2  
  119  10:24  Zerg Melee Weapons Level 1  
  119  10:34  Infestation Pit  
  118  10:35  Lurker x2  
  118  10:36  Lurker  
  118  10:41  Overlord x6  
  121  10:46  Hatchery  
  120  10:53  Zergling x2  
  120  10:56  Overlord  
  121  10:57  Overlord  
  121  11:11  Overlord  
  121  11:12  Overlord  
  121  11:13  Zergling x2  
  121  11:15  Zergling x2  
  121  11:38  Zerg Ground Armor Level 2  
  120  11:40  Hive  
  120  11:43  Neural Parasite  
  120  11:50  Lurker x2  
  122  12:06  Zergling x2  
  122  12:07  Zergling x10  
  128  12:19  Swarm Host x4  
  128  12:20  Swarm Host x3  
  149  12:29  Queen  
  151  12:34  Drone x4  
  155  12:40  Drone  
  155  12:41  Drone  
  157  12:47  Extractor  
  157  12:50  Extractor  
  149  13:15  Adaptive Talons  
  149  13:19  Zerg Missile Weapons Level 3  
  149  13:23  Hydralisk  
  149  13:24  Hydralisk x11  
  173  13:40  Zergling x2  
  175  13:41  Zergling x6  
  177  13:51  Roach  
  177  13:52  Roach x5  
  177  13:53  Zerg Melee Weapons Level 2  
  174  14:13  Seismic Spines  
  116  14:32  Hydralisk  
  116  14:33  Hydralisk x11  
  102  14:47  Zergling x4  
  102  14:48  Zergling x4  
  102  14:49  Spore Crawler  
  99  14:54  Spore Crawler  
  99  14:57  Drone x4  
  99  14:58  Spore Crawler  
  99  15:00  Spore Crawler  
  92  15:12  Zergling x2  
  92  15:13  Zergling x18  
  92  15:14  Hatchery  
  100  15:20  Spore Crawler  
  99  15:21  Spore Crawler  
  99  15:23  Spore Crawler  
  87  15:37  Hydralisk x10  
  87  15:41  Extractor  
  105  15:44  Extractor  
  94  15:58  Hydralisk  
  94  15:59  Hydralisk x2  
  82  17:11  Hatchery  
  81  17:35  Hatchery  
  75  18:36  Overlord x2  
  75  19:00  Overlord x2  
  67  19:39  Spawning Pool  
  67  19:43  Drone x3, Extractor  
  68  19:46  Drone x3  
  58  20:21  Hatchery  
Show
View Real Time Build Order
Export as new Build Order

Luddite Terran - Winner!

Build Orders: Reaper Expand 

Get SALT Encoding   

  12  0:01  SCV  
  13  0:13  SCV  
  14  0:18  Supply Depot  
  14  0:25  SCV  
  15  0:39  SCV  
  15  0:41  Barracks  
  16  0:47  Refinery  
  16  0:52  SCV  
  17  1:04  SCV  
  18  1:16  SCV  
  19  1:28  Orbital Command  
  19  1:35  Reaper  
  20  1:49  Command Center  
  20  1:56  Refinery  
  20  1:58  SCV  
  21  2:10  SCV  
  21  2:15  Factory  
  23  2:22  SCV  
  23  2:29  Barracks Reactor  
  23  2:33  Barracks  
  23  3:00  SCV  
  23  3:04  Orbital Command  
  24  3:10  Supply Depot  
  24  3:13  Supply Depot, SCV  
  24  3:15  Barracks Tech Lab  
  25  3:26  Armory  
  26  3:40  Bunker  
  27  3:43  Supply Depot  
  27  3:48  Hellion x2  
  29  3:53  SCV  
  29  3:54  Stimpack, SCV  
  31  3:58  Barracks Reactor  
  31  4:03  Marine  
  31  4:05  SCV  
  31  4:06  SCV  
  34  4:13  Hellion  
  34  4:14  Hellion  
  38  4:20  SCV x2  
  38  4:21  Marine  
  41  4:32  SCV x2  
  41  4:35  Hellbat x2  
  48  4:39  Marine x2  
  48  4:40  Marine  
  48  4:42  Supply Depot  
  50  4:56  Hellbat x2  
  50  4:57  Marine x2  
  50  4:58  Marine  
  57  5:15  Marine x2  
  57  5:16  Marine  
  57  5:17  Hellbat  
  57  5:18  Hellbat  
  64  5:25  Command Center  
  64  5:30  Starport  
  64  5:33  Marine x2  
  58  5:54  Siege Tank, Marine  
  58  5:55  Marine x3  
  65  5:58  SCV  
  65  5:59  SCV  
  67  6:05  Command Center  
  67  6:06  Command Center  
  63  6:14  Marine x4  
  59  6:24  SCV  
  59  6:25  Bunker, SCV  
  61  6:32  Marine x3  
  63  6:35  Marine  
  61  6:41  SCV x2  
  61  6:42  Siege Tank  
  61  6:44  Starport Tech Lab  
  66  6:50  Marine x2  
  66  6:53  SCV  
  66  6:54  SCV  
  69  7:02  Marine x2  
  69  7:07  Marine  
  69  7:08  Marine  
  73  7:13  SCV x2  
  73  7:14  Siege Tank  
  78  7:16  Orbital Command  
  78  7:19  Marine  
  78  7:20  Marine  
  78  7:21  Fusion Core  
  80  7:25  Marine x2  
  82  7:31  Refinery  
  82  7:33  Refinery  
  82  7:37  Marine  
  82  7:38  Marine  
  82  7:39  Refinery  
  82  7:42  Refinery  
  84  7:49  SCV x2  
  73  7:58  Marine  
  73  7:59  Marine x3  
  73  8:00  Siege Tank  
  70  8:16  Marine x2  
  70  8:17  Marine  
  72  8:27  Marine  
  62  8:32  Siege Tank  
  61  8:34  Marine x3  
  61  8:41  SCV x2  
  65  8:44  Marine  
  66  8:51  Orbital Command  
  66  8:52  Marine x2  
  66  8:53  Orbital Command, SCV x2  
  70  9:00  Refinery  
  70  9:01  Refinery  
  70  9:03  Marine x2  
  70  9:05  SCV x2  
  74  9:10  Marine x2  
  74  9:16  Barracks  
  76  9:17  Barracks  
  76  9:20  Marine  
  76  9:22  Barracks  
  76  9:23  Barracks, SCV x3  
  80  9:24  Barracks  
  80  9:29  Battlecruiser  
  86  9:35  SCV  
  87  9:39  SCV x2  
  89  9:52  SCV x3  
  92  9:56  Marine x4  
  92  9:59  Siege Tank  
  99  10:02  Terran Ship Weapons Level 1  
  99  10:03  Armory  
  99  10:09  Starport  
  99  10:11  SCV  
  99  10:12  SCV x3  
  99  10:13  Marine x5  
  99  10:14  Marine x2  
  108  10:20  Supply Depot, Refinery  
  110  10:24  Refinery  
  110  10:33  Battlecruiser  
  116  10:45  Supply Depot x2  
  116  10:46  Supply Depot x2  
  116  10:48  Supply Depot  
  116  10:49  Supply Depot  
  116  10:50  SCV x2  
  116  10:51  SCV x2, Supply Depot x2  
  116  10:54  Starport Tech Lab  
  120  11:02  SCV, Starport  
  121  11:08  SCV x2  
  121  11:09  Marine x5, SCV  
  121  11:10  Marine x4  
  133  11:14  SCV  
  134  11:21  Battlecruiser  
  134  11:22  SCV x3  
  143  11:27  Marine x2, SCV  
  144  11:44  Battlecruiser  
  150  11:55  Orbital Command  
  150  11:57  Starport x2  
  150  11:59  Starport  
  150  12:06  Weapon Refit  
  150  12:07  Marine x5  
  150  12:08  Siege Tank, Marine x2  
  157  12:11  Starport Tech Lab, Refinery  
  160  12:16  Refinery  
  160  12:38  Battlecruiser  
  160  12:39  Starport Tech Lab x3, Battlecruiser  
  172  12:48  Battlecruiser  
  178  12:52  Marine  
  178  12:53  Marine x3  
  178  12:54  Marine x5  
  186  13:09  Marine  
  186  13:11  Marine  
  188  13:41  Marine  
  188  13:55  Command Center  
  83  15:07  Orbital Command  
  83  15:12  SCV x2  
  79  15:24  Battlecruiser x3  
  48  20:38  Orbital Command  
Tags
 
Add a new tag
Caveats
  • Supply blocks, unpowered buildings, or Contaminate may cause inaccurate times.
  • Supply counts are checked every 10 seconds.